 Dungeon Crawl Stone Soup version 0.29.0-4-gdea44cf6ec (webtiles) character file.

Game seed: 4686889610019754366

30 qw the Chopper (level 3, -4/21 HPs)
             Began as a Tengu Warper on Aug 28, 2022.
             Killed from afar by Natasha (5 damage)
             ... with a magic dart
             ... on level 2 of the Dungeon.
             The game lasted 00:00:08 (1116 turns).

qw the Chopper (Tengu Warper)                       Turns: 1116, Time: 00:00:08

Health: -4/21      AC:  5    Str: 13    XL:     3   Next: 18%
Magic:  0/7        EV: 12    Int: 13    God:
Gold:   90         SH:  0    Dex: 13    Spells: 6/6 levels left

rFire   . . .      SeeInvis .   a - +0 hand axe
rCold   . . .      Faith    .   (no shield)
rNeg    . . .      Spirit   +   b - +0 leather armour
rPois   .          Reflect  .   (helmet restricted)
rElec   .          Harm     .   (no cloak)
rCorr   .          Rampage  .   d - +1 pair of gloves
Will    .....                   (boots unavailable)
Stlth   +.........              e - amulet of guardian spirit
HPRegen 0.07/turn               (no ring)
MPRegen 0.10/turn               (no ring)

@: slowed, very slow
A: beak, talons 3
a: no special abilities


You were on level 2 of the Dungeon.
You visited 1 branch of the dungeon, and saw 2 of its levels.

You collected 90 gold pieces.


Innate Abilities, Weirdness & Mutations

You have a beak for a mouth.
You have claws for feet.


   Skills:
 - Level 2.0 Fighting
 + Level 3.9 Axes
 - Level 1.0 Throwing
 - Level 1.1 Armour
 - Level 2.1 Dodging
 - Level 2.0 Spellcasting
 - Level 2.4 Translocations


You had 6 spell levels left.
You didn't know any spells.
Your spell library contained the following spells:

 Spells                   Type           Power      Damage    Failure   Level
 Blink                    Tloc           14%        N/A       19%         2
 Gell's Gravitas          Tloc           7%         N/A       36%         3
 Lesser Beckoning         Tloc           7%         N/A       36%         3
 Teleport Other           Tloc           7%         N/A       36%         3
 Manifold Assault         Tloc           7%         N/A       98%         5

Inventory:

Hand Weapons
 a - a +0 hand axe (weapon)
 f - a +0 whip
Armour
 b - a +0 leather armour (worn)
 d - a +1 pair of gloves (worn)
Jewellery
 e - an amulet of guardian spirit (around neck)
Scrolls
 c - a scroll of identify {unknown}
 i - a scroll of silence {unknown}
Potions
 g - a potion of lignification {unknown}
 h - a potion of experience {unknown}

Dungeon Overview and Level Annotations

Branches:
Dungeon (2/15)

Altars:

Annotations:
D:2 Natasha


Message History

The white imp gestures at you. The puff of frost misses you.
You closely miss the white imp.
The white imp is almost dead.
You hit the crimson imp. The white imp closely misses you.
The crimson imp hits you. The white imp hits you. The white imp freezes you.
You hit the white imp.
You kill the white imp!
The white imp disappears in a puff of smoke!
You hit the crimson imp.
The crimson imp hits you but does no damage.
The crimson imp blinks!
The crimson imp hits you but does no damage.
You barely miss the crimson imp. Your kick misses the crimson imp.
Your punch misses the crimson imp.
The crimson imp is lightly wounded.
You hit the crimson imp but do no damage.
The crimson imp grinds its teeth.
The crimson imp hits you but does no damage.
The crimson imp misses you.
You hit the crimson imp but do no damage.
You closely miss the crimson imp.
The crimson imp blinks!
The crimson imp hits you but does no damage.
The crimson imp closely misses you.
You hit the crimson imp.
The crimson imp is moderately wounded.
You closely miss the crimson imp. You closely miss the kobold.
The crimson imp closely misses you.
The crimson imp blinks!
The kobold hits you but does no damage.
The crimson imp blinks!
You closely miss the white imp. Your peck misses the white imp.
You hit the kobold.
You kill the kobold!
You hear a splash.
The white imp barely misses you. The white imp closely misses you.
You barely miss the white imp. Your kick misses the white imp.
A magic dart appears from out of thin air!
The magic dart hits you!
You die...

.~~~~~. #......
..~~~~~~..# #......
#..~~~~~~. #......
....~~~... #......
....~~~..#########......
...~~~~..#..............
#..~.~P~.#..............
+...~~5)......(.....####
#.P{~~@............#
#...~~~~%#.#########
#.~~~~~~.#.#
#..~~~~~.#.#
....5~~5..#.#
#...~~~~~...#
#..~.~~~...##
#...~~~~~..# ..


You could see 2 crimson imps and a white imp (summoned).

Vanquished Creatures
  3 ball pythons
  2 bats (D:2)
  2 endoplasms (D:1)
  2 goblins (D:2)
  6 hobgoblins
  4 jackals (D:2)
  2 frilled lizards (D:1)
  2 kobolds
  4 rats
27 creatures vanquished.

Vanquished Creatures (others)
  3 plants (D:2)
3 creatures vanquished.

Grand Total: 30 creatures vanquished

Notes
Turn   | Place    | Note
-------+----------+-------------------------------------------
     0 | D:1      | qw the Tengu Warper began the quest for the Orb.
     0 | D:1      | Reached XP level 1. HP: 12/12 MP: 4/4
     0 | D:1      | 0 ||| qw: Version: 0.1-a-89-g26bdef1
     0 | D:1      | 0 ||| qw: Game counter: 2022
     0 | D:1      | 0 ||| qw: Always use a shield: true
     0 | D:1      | 0 ||| qw: God list: Okawaru
     0 | D:1      | 0 ||| qw: Allow faded altars: false
     0 | D:1      | 0 ||| qw: Do Orc after D:15 true
     0 | D:1      | 0 ||| qw: Do second Lair branch before Depths: true
     0 | D:1      | 0 ||| qw: Lair rune preference: random
     0 | D:1      | 0 ||| qw: Plans: Normal
     0 | D:1      | 0 ||| PLANNING D:1-11
    15 | D:1      | Noticed a bullfrog
   115 | D:1      | 115 ||| Stepping ~*~*~tactically~*~*~ (stealth).
   116 | D:1      | 116 ||| Stepping ~*~*~tactically~*~*~ (stealth).
   117 | D:1      | 117 ||| Stepping ~*~*~tactically~*~*~ (stealth).
   124 | D:1      | 124 ||| Stepping ~*~*~tactically~*~*~ (stealth).
   126 | D:1      | 126 ||| Stepping ~*~*~tactically~*~*~ (stealth).
   128 | D:1      | 128 ||| Stepping ~*~*~tactically~*~*~ (stealth).
   136 | D:1      | Reached XP level 2. HP: 17/17 MP: 6/6
   140 | D:1      | Found a faded altar of an unknown god.
   175 | D:1      | Reached skill level 3 in Axes
   348 | D:1      | 348 ||| Stepping ~*~*~tactically~*~*~ (stealth).
   350 | D:1      | 350 ||| Stepping ~*~*~tactically~*~*~ (stealth).
   359 | D:1      | 359 ||| Stepping ~*~*~tactically~*~*~ (stealth).
   647 | D:1      | 647 ||| UPGRADING to +1 pair of gloves.
   652 | D:1      | 652 ||| UPGRADING to amulet of guardian spirit.
   657 | D:1      | 657 ||| DROPPING scroll of blinking.
   891 | D:2      | 891 ||| Stepping ~*~*~tactically~*~*~ (stealth).
   898 | D:2      | Reached XP level 3. HP: 19/21 MP: 7/7
  1093 | D:2      | Noticed Natasha
  1110 | D:2      | HP: 3/21 [white imp[Natasha] (3)]
  1110 | D:2      | HP: 1/21 [white imp[Natasha] (2)]
  1116 | D:2      | Killed from afar by Natasha

Levels and vault maps discovered:
D:1:      evilmike_arrival_come_back, layout_rooms,
          hellmonk_ecumenical_altar_leap_of_faith
D:2:      layout_basic, minivault_4, chequers_big_river, minmay_misc_feat_rows,
          minmay_tromino_v2, uniq_natasha

Skill      XL: |  1  2 |
---------------+-------+-----
Axes           | 3 |  3.9
Fighting       | |  2.0
Throwing       | |  1.0
Armour         | |  1.1
Dodging        | |  2.1
Spellcasting   | |  2.0
Translocations | |  2.4

Action                   || total
-------------------------++-------
Melee: Hand axe          ||    62
       Kick              ||    10
       Peck              ||    11
Throw: Boomerang         ||     7
Armor: Leather armour    ||    20
Dodge: Dodged            ||    41

Table legend:
 A = Non-vault XP
 B = Vault XP
 C = Vault XP percentage of total XP
 D = Non-vault monster count
 E = Vault monster count
 F = Vault count percentage of total count
                 A         B        C        D         E       F
            +---------+---------+-------+---------+---------+-------
      Total |      42 |       1 |   2.3 |      26 |       1 |   3.7
            +---------+---------+-------+---------+---------+-------
        D:1 |      18 |       0 |   0.0 |      11 |       0 |   0.0
        D:2 |      24 |       1 |   4.0 |      15 |       1 |   6.2
            +---------+---------+-------+---------+---------+-------
